 Dungeon Crawl Stone Soup version 0.24-a0-115-gd155597 (console) character file.

Game seed: 4149057558271986932

59397 Duffy the Cleaver (level 14, -7/132 HPs)
             Began as a Naga Gladiator on Feb 17, 2019.
             Was a High Priest of the Shining One.
             Mangled by a 16-headed hydra (8 damage)
             ... on level 6 of the Lair of Beasts.
             The game lasted 00:28:08 (18367 turns).

Duffy the Cleaver (Naga Gladiator)                 Turns: 18367, Time: 00:28:08

Health: -7/132     AC: 20    Str: 18    XL:     14   Next: 94%
Magic:  21/21      EV: 16    Int: 13    God:    the Shining One [*****.]
Gold:   870        SH:  0    Dex: 12    Spells: 13/13 levels left

rFire    + . .     SeeInvis +   b - +5 war axe (elec)
rCold    . . .     Gourm    .   (no shield)
rNeg     + + .     Faith    .   l - +4 chain mail {rF+}
rPois    +         Spirit   .   c - +0 helmet
rElec    .         Reflect  .   B - +0 cloak {MR+}
rCorr    .         Harm     .   R - +1 pair of gloves
MR       ++...                  (no barding)
Stlth    ..........             C - amulet of regeneration
HPRegen  0.72/turn              G - +4 ring of evasion
MPRegen  0.17/turn              P - +3 ring of evasion

@: marked, glowing, very slow
A: large, see invisible, deformed body, poison resistance, slowness 2, slow
metabolism 1, spit poison 1, constrict 1, AC +4
a: Spit Poison, Divine Shield, Cleansing Flame, Summon Divine Warrior, Renounce
Religion


You were on level 6 of the Lair of Beasts.
You worshipped the Shining One.
The Shining One was extremely pleased with you.
You were not hungry.

You visited 4 branches of the dungeon, and saw 19 of its levels.
You also visited: Ice Cave.

You collected 1412 gold pieces.
You spent 542 gold pieces at shops.

Inventory:

Hand Weapons
 a - a +0 blowgun
 b - a +5 war axe of electrocution (weapon)
 K - a +1 battleaxe of freezing
Missiles
 d - 3 throwing nets (quivered)
 y - 7 curare-tipped needles
Armour
 c - a +0 helmet (worn)
 l - a +4 chain mail of fire resistance (worn)
 B - a +0 cloak of magic resistance (worn)
 O - a +2 crystal plate armour
 R - a +1 pair of gloves (worn)
Jewellery
 m - an uncursed amulet of magic regeneration
 C - an amulet of regeneration (around neck)
 G - a +4 ring of evasion (left hand)
 L - an uncursed ring of protection from magic
 P - a +3 ring of evasion (right hand)
 Q - an uncursed amulet of faith
Wands
 h - a wand of enslavement (4)
 S - a wand of flame (24)
Scrolls
 e - 5 scrolls of magic mapping {unknown}
 g - 4 scrolls of immolation {unknown}
 j - 3 scrolls of enchant armour {unknown}
 k - 4 scrolls of fear {unknown}
 p - 5 scrolls of remove curse
 r - 4 scrolls of teleportation
 u - 5 scrolls of amnesia {unknown}
 A - 3 scrolls of blinking {unknown}
 E - a scroll of enchant weapon {unknown}
 I - a scroll of holy word {unknown}
 J - 3 scrolls of fog {unknown}
 N - 2 scrolls of silence
Potions
 i - a potion of magic
 n - 3 potions of haste
 q - 5 potions of flight
 s - 5 potions of curing
 t - 2 potions of mutation
 w - 9 potions of heal wounds
 x - a potion of might
 z - a potion of resistance
 D - a potion of cancellation
 F - a potion of lignification
Miscellaneous
 H - a lamp of fire
Comestibles
 f - 39 rations


   Skills:
 - Level 10.0 Fighting
 - Level 14.0 Axes
 - Level 1.7 Throwing
 + Level 7.5 Armour
 - Level 10.0 Dodging
 - Level 10.0 Invocations
 - Level 10.1 Evocations


You had 13 spell levels left.
You didn't know any spells.
Your spell library contained the following spells:

 Spells                   Type           Power        Failure   Level  Hunger
 Apportation              Tloc           #.....       97%         1    ##.....
 Confusing Touch          Hex            #.....       97%         1    ##.....
 Flame Tongue             Conj/Fire      #....        97%         1    ##.....
 Summon Butterflies       Summ           #.......     97%         1    ##.....
 Throw Flame              Conj/Fire      #.....       99%         2    ###....
 Confuse                  Hex            #.......     100%        3    ####...
 Conjure Flame            Conj/Fire      #.......     100%        3    ####...
 Dazzling Spray           Conj/Hex       #.....       100%        3    ####...
 Gell's Gravitas          Tloc           #.........   100%        3    ####...
 Inner Flame              Hex/Fire       #.......     100%        3    ####...
 Lesser Beckoning         Tloc           #.........   100%        3    ####...
 Recall                   Summ/Tloc      N/A          100%        3    ####...
 Regeneration             Chrm/Necr      #.........   100%        3    ####...
 Spider Form              Tmut/Pois      #.........   100%        3    ####...
 Teleport Other           Tloc           #.......     100%        3    ####...
 Tukima's Dance           Hex            #.......     100%        3    ####...
 Vampiric Draining        Necr           #.........   100%        3    ####...
 Animate Dead             Necr           N/A          100%        4    #####..
 Petrify                  Tmut/Erth      #.......     100%        4    #####..
 Sticky Flame             Conj/Fire      #.......     100%        4    #####..
 Alistair's Intoxication  Tmut/Pois      #.......     100%        5    ######.
 Borgnjor's Vile Clutch   Necr/Erth      #.........   100%        5    ######.
 Fireball                 Conj/Fire      #.........   100%        5    ######.
 Metabolic Englaciation   Hex/Ice        #.........   100%        5    ######.
 Yara's Violent Unravell  Hex/Tmut       #.........   100%        5    ######.
 Death Channel            Necr           #.........   100%        6    #######
 Invisibility             Hex            #.......     100%        6    #######
 Simulacrum               Ice/Necr       #.........   100%        6    #######
 Malign Gateway           Summ/Tloc      #.........   100%        7    #######
 Monstrous Menagerie      Summ           #.........   100%        7    #######
 Summon Greater Demon     Summ           #.........   100%        7    #######
 Summon Horrible Things   Summ           #.........   100%        8    #######


Dungeon Overview and Level Annotations

Branches:
Dungeon (11/15)            Temple (1/1) D:5            Lair (6/6) D:11
  Swamp (0/4) Lair:3        Snake (0/4) Lair:4        Slime (0/5) Lair:5
    Orc (1/2) D:9

Altars:
Ashenzari
Cheibriados
Dithmenos
Elyvilon
Fedhas
Gozag
Hepliaklqana
Kikubaaqudgha
Makhleb
Nemelex Xobeh
Okawaru
Qazlal
Ru
Sif Muna
Trog
Uskayaw
Vehumet
Wu Jian
Xom
Yredelemnul
Zin
The Shining One
Jiyva

Shops:
D:5 (   D:6 ?

Annotations:
D:4 exclusion: upstairs
Lair:5 1 runed translucent door


Innate Abilities, Weirdness & Mutations

You cannot wear boots.
Your serpentine skin is tough. (AC +4)
You have supernaturally acute eyesight. (SInv)
Armour fits poorly on your strangely shaped body.
Your system is resistant to poisons. (rPois)
You cover ground very slowly.
You have a slow metabolism.
You can spit poison.
You can use your snake-like lower body to constrict enemies.


Message History

The 15-headed hydra barely misses you. The 15-headed hydra bites you.
The Shining One protects you from harm!
The 15-headed hydra bites you but does no damage.
The wolf bites the plant but does no damage.
The hell hound barely misses you.
You hack one of the 15-headed hydra's heads off!
The 14-headed hydra grows two more!
You hit the 16-headed hydra.
The 16-headed hydra is heavily wounded.
You slash the hell hound! You hit the hell hound.
You kill the hell hound!
The Shining One accepts your kill.
You feel better.
You slash the wolf!
You kill the wolf!
A wolf comes into view.
The hell hound bites you but does no damage.
The 16-headed hydra misses you. The 16-headed hydra bites you. x2
The 16-headed hydra misses you. The 16-headed hydra bites you.
The 16-headed hydra bites you but does no damage.
The 16-headed hydra barely misses you. The 16-headed hydra bites you!
You die...

...###...P#.#.........
##........#........#..
#..##...h#%.%.#...#.##
#..##.%#%##%.#######
##...h#####..#
##....%# #....
#%..%%## ##....
#...%%.#.# ##.....
##.h@...# ##.#.
#PhD%.#.# ##
#P#h#P#### ##.#h## .h
# ... .... ....


You could see a 16-headed hydra, 4 hell hounds and 2 wolves.

Vanquished Creatures
  Gastronok (D:9)
  A frost giant (IceCv)
  Nessos (Lair:5)
  6 hydras
  2 ogre magi (Orc:1)
  3 two-headed ogres
  5 death yaks
  3 orc knights
  Pikel (D:6)
  2 orc sorcerers (Orc:1)
  An ugly thing (D:7)
  12 elephants
  2 black mambas
  A torpor snail (Lair:4)
  Psyche (D:8)
  An ice statue (IceCv)
  Joseph (D:8)
  10 spiny frogs
  A rime drake (Lair:3)
  2 ice devils (Lair:4)
  4 komodo dragons
  A queen bee (Lair:6)
  3 meliai (Lair:6)
  24 polar bears
  Prince Ribbit (D:6)
  14 blink frogs
  Grinder (D:6)
  2 bog bodies (Lair:3)
  2 hippogriffs (Lair:2)
  A wyvern (Lair:4)
  A basilisk (Lair:3)
  A human (D:8)
  49 yaks
  A hog (D:8)
  2 hungry ghosts (D:6)
  11 wargs
  Menkaure (D:6)
  4 nagas (Lair:4)
  3 swamp worms (Lair:3)
  10 water moccasins
  11 hell hounds (Lair:6)
  7 porcupines
  6 orc warriors
  2 sky beasts
  A slave (D:6)
  12 black bears
  3 ice beasts
  5 ogres
  31 wolves
  11 crocodiles
  3 centaurs
  A big kobold (D:11)
  12 bullfrogs
  3 scorpions
  17 killer bees
  3 wights (D:7)
  4 electric eels
  2 centaur skeletons
  2 bullfrog zombies
  A quasit (D:5)
  4 orc priests
  2 hounds (D:8)
  Crazy Yiuf (D:6)
  14 orc wizards
  Jessica (D:3)
  A bullfrog skeleton (D:10)
  5 iguanas
  2 worker ants
  A hound skeleton (D:8)
  A howler monkey zombie (D:6)
  A worker ant zombie (D:6)
  6 gnolls
  A howler monkey skeleton (D:4)
  11 adders
  3 shadow imps
  3 oozes
  An adder skeleton (D:4)
  3 worms
  A dart slug (D:1)
  6 leopard geckos
  36 orcs
  8 giant cockroaches
  5 goblins
  6 hobgoblins
  11 jackals
  12 kobolds
  4 quokkas
  3 ball pythons
  12 bats
  3 frilled lizards
  2 jackal skeletons
  2 leopard gecko skeletons (D:5)
  A quokka skeleton (D:6)
  7 rats
  4 fungi
  A plant (Lair:6)
515 creatures vanquished.

Vanquished Creatures (collateral kills)
  An orc high priest (Orc:1)
  An orc wizard (Orc:1)
2 creatures vanquished.

Vanquished Creatures (others)
  An orc sorcerer (Orc:1)
  A black mamba (Lair:5)
  A polar bear (IceCv)
  A slave (D:6)
  A scorpion (D:6)
  An adder (D:6)
  5 orcs (D:6)
  8 fungi
  10 plants
29 creatures vanquished.

Grand Total: 546 creatures vanquished

Notes
Turn   | Place    | Note
-------+----------+-------------------------------------------
     0 | D:1      | Duffy the Naga Gladiator began the quest for the Orb.
     0 | D:1      | Reached XP level 1. HP: 19/19 MP: 1/1
   266 | D:1      | Reached XP level 2. HP: 16/26 MP: 2/2
   823 | D:2      | Reached skill level 4 in Axes
   823 | D:2      | Reached XP level 3. HP: 16/32 MP: 3/3
  1496 | D:5      | Entered Level 5 of the Dungeon
  1496 | D:5      | Noticed an ice beast
  1509 | D:5      | Killed an ice beast
  1509 | D:5      | Reached skill level 5 in Axes
  1509 | D:5      | Reached XP level 4. HP: 24/39 MP: 4/4
  1509 | D:5      | Reached XP level 5. HP: 28/45 MP: 5/5
  1558 | D:5      | Found a burning altar of Makhleb.
  1573 | D:5      | Reached skill level 6 in Axes
  1581 | D:5      | Found a deep blue altar of Sif Muna.
  1589 | D:5      | Found a staircase to the Ecumenical Temple.
  1598 | Temple   | Entered the Ecumenical Temple
  1909 | Temple   | Became a worshipper of the Shining One
  2745 | D:2      | Reached XP level 6. HP: 35/52 MP: 6/6
  3222 | D:3      | Found a hide-covered altar of Uskayaw.
  3225 | D:3      | Found a shimmering altar of Xom.
  3415 | D:3      | Noticed Jessica
  3426 | D:3      | Killed Jessica
  3478 | D:3      | Reached skill level 7 in Axes
  3867 | D:3      | Found a faded altar of an unknown god.
  3932 | D:3      | Noticed a sky beast
  3940 | D:3      | Killed a sky beast
  3941 | D:3      | Found a stormy altar of Qazlal.
  4154 | D:3      | Reached XP level 7. HP: 60/60 MP: 7/7
  4528 | D:4      | Reached * piety under the Shining One
  4646 | D:4      | Reached skill level 8 in Axes
  5212 | D:5      | Found Siqioj's Weapon Shoppe.
  5693 | D:6      | Noticed Pikel
  5715 | D:6      | Killed Pikel
  5715 | D:6      | Reached skill level 10 in Axes
  5715 | D:6      | Reached XP level 8. HP: 38/67 MP: 8/8
  5732 | D:6      | Found Vilupica's Magic Scroll Shoppe.
  5942 | D:6      | Bought a scroll of identify for 30 gold pieces
  5942 | D:6      | Bought a scroll of random uselessness for 15 gold pieces
  5942 | D:6      | Bought a scroll of noise for 15 gold pieces
  5942 | D:6      | Bought a scroll of teleportation for 45 gold pieces
  5942 | D:6      | Bought a scroll of remove curse for 45 gold pieces
  6196 | D:6      | Noticed Prince Ribbit
  6206 | D:6      | Killed Prince Ribbit
  6206 | D:6      | Reached XP level 9. HP: 61/79 MP: 9/9
  6317 | D:6      | Noticed Menkaure
  6324 | D:6      | Killed Menkaure
  6324 | D:6      | Reached ** piety under the Shining One
  6399 | D:6      | Noticed Grinder
  6416 | D:6      | Killed Grinder
  6416 | D:6      | Reached skill level 5 in Fighting
  6568 | D:6      | Found a runed translucent door.
  6569 | D:6      | Noticed Crazy Yiuf
  6576 | D:6      | Killed Crazy Yiuf
  6618 | D:6      | Reached skill level 5 in Dodging
  6635 | D:6      | Reached skill level 1 in Evocations
  6700 | D:7      | Noticed a brown ugly thing
  6982 | D:7      | Killed a brown ugly thing
  7075 | D:7      | Got a fine ring mail
  7086 | D:7      | Identified the +2 ring mail of Proximity {rPois Int+2} (You
                  | found it on level 7 of the Dungeon)
  7255 | D:7      | Reached XP level 10. HP: 92/92 MP: 12/12
  7555 | D:8      | Noticed Joseph
  7569 | D:8      | Killed Joseph
  7875 | D:8      | Noticed Psyche
  7885 | D:8      | Killed Psyche
  7886 | D:8      | Noticed a two-headed ogre
  8113 | D:8      | Killed a two-headed ogre
  8113 | D:8      | Reached skill level 5 in Evocations
  8305 | D:9      | Found a shattered altar of Ashenzari.
  8378 | D:9      | Found a staircase to the Orcish Mines.
  8418 | D:9      | Reached skill level 11 in Axes
  8418 | D:9      | Reached XP level 11. HP: 86/103 MP: 14/14
  8485 | D:9      | Found a bloodstained altar of Trog.
  8550 | D:9      | Noticed Gastronok
  8567 | D:9      | Killed Gastronok
  8921 | D:10     | Entered Level 10 of the Dungeon
  8967 | D:10     | Noticed a two-headed ogre
  8977 | D:10     | Killed a two-headed ogre
  9068 | D:10     | Reached *** piety under the Shining One
  9615 | D:10     | Got a bloodstained short sword
  9696 | D:10     | Identified the +5 short sword of Baicoubu {elec, MR+} (You
                  | found it on level 10 of the Dungeon)
  9798 | D:11     | Found a staircase to the Lair.
  9880 | D:11     | Noticed a two-headed ogre
  9886 | D:11     | Killed a two-headed ogre
  9920 | D:11     | Identified Birealoa's Primer on Magic
  9924 | D:11     | Got a warped whip
  9925 | D:11     | Identified the cursed +3 whip of Abuse {venom, *Drain rPois
                  | rC+ rN+} (You found it on level 11 of the Dungeon)
 10014 | D:11     | Reached skill level 5 in Invocations
 10222 | Orc:1    | Entered Level 1 of the Orcish Mines
 10229 | Orc:1    | Noticed an orc sorcerer
 10242 | Orc:1    | Killed an orc sorcerer
 10242 | Orc:1    | Reached skill level 12 in Axes
 10404 | Orc:1    | Noticed an orc sorcerer
 10406 | Orc:1    | Noticed a soul eater
 10520 | Orc:1    | Killed an orc sorcerer
 10523 | Orc:1    | Noticed an orc knight
 10595 | D:9      | Killed an orc knight
 10755 | Orc:1    | Noticed an orc sorcerer
 10760 | Orc:1    | Noticed a sun demon
 10760 | Orc:1    | Noticed an ogre mage
 10874 | Orc:1    | Killed an ogre mage
 10890 | Orc:1    | Reached skill level 13 in Axes
 10890 | Orc:1    | Reached XP level 12. HP: 110/110 MP: 15/15
 11149 | Orc:1    | Noticed an orc high priest
 11156 | Orc:1    | Killed an orc high priest
 11385 | D:5      | Bought a +5 war axe of electrocution for 392 gold pieces
 11450 | Orc:1    | Noticed an ogre mage
 11582 | Orc:1    | Killed an ogre mage
 11811 | Lair:1   | Entered Level 1 of the Lair of Beasts
 11826 | Lair:1   | Reached skill level 14 in Axes
 12333 | Lair:1   | Reached skill level 1 in Armour
 13686 | Lair:3   | Noticed a four-headed hydra
 13784 | Lair:3   | Gained mutation: You can use your snake-like lower body to
                  | constrict enemies. [Naga growth]
 13784 | Lair:3   | Reached XP level 13. HP: 103/121 MP: 17/17
 14551 | Lair:3   | Found a staircase to the Swamp.
 14867 | Lair:4   | Found a staircase to the Snake Pit.
 14914 | Lair:4   | Found a frozen archway.
 14926 | Lair:4   | Reached skill level 10 in Fighting
 14929 | Lair:4   | Identified a scroll of acquirement
 14948 | IceCv    | Entered an ice cave
 14984 | IceCv    | Reached skill level 5 in Armour
 15534 | IceCv    | Reached skill level 10 in Dodging
 15708 | IceCv    | Noticed a frost giant
 15751 | IceCv    | Killed a frost giant
 15795 | IceCv    | Got a smoking mace
 15796 | IceCv    | Identified the cursed +3 mace of Neurosis {freeze, Int+4
                  | SInv Stlth+} (You found it in an ice cave)
 15954 | Lair:4   | Reached XP level 14. HP: 89/132 MP: 20/20
 16109 | Lair:4   | Reached **** piety under the Shining One
 16578 | Lair:5   | Found a runed translucent door.
 16584 | Lair:5   | Found a viscous altar of Jiyva.
 16585 | Lair:5   | Noticed an acid blob
 16586 | Lair:5   | Found a staircase to the Slime Pits.
 16586 | Lair:5   | Noticed an acid blob
 16586 | Lair:5   | Noticed an acid blob
 16671 | Lair:5   | Noticed Nessos
 16690 | Lair:5   | Killed Nessos
 16690 | Lair:5   | Reached skill level 10 in Evocations
 17219 | Lair:6   | Entered Level 6 of the Lair of Beasts
 18004 | Lair:6   | Reached skill level 10 in Invocations
 18245 | Lair:6   | Reached ***** piety under the Shining One
 18366 | Lair:6   | HP: 4/132 [15-headed hydra (5)]
 18366 | Lair:6   | HP: 1/132 [15-headed hydra (2)]
 18366 | Lair:6   | The Shining One protects you from harm!
 18367 | Lair:6   | Mangled by a 16-headed hydra

Levels and vault maps discovered:
D:1:      ncdulo_wetmaze, layout_rooms, minmay_unequal
D:2:      layout_basic, serial_curves, eino_curves_03, eino_curves_04,
          eino_curves_04, eino_curves_01
D:3:      minmay_angry_zag, layout_rooms, nicolae_overflow_hidden_temple,
          chequers_ecumenical_altar_grove, first_ration, minmay_misc_feat_iff,
          uniq_jessica
D:4:      layout_gridville, skrybe_limestone_x
D:5:      layout_cave_pools, nicolae_overflow_crystal_walls,
          minmay_temple_entry_butterflies, basic_altar, serial_shops,
          kennysheep_mini_moat, st_stairs_3
D:6:      layout_rooms, serial_shops, shop, uniq_prince_ribbit1, uniq_menkaure,
          uniq_pikel, uniq_crazy_yiuf_cottage, uniq_grinder
D:7:      layout_gridville
D:8:      layout_cave_pools, grunt_livestock, uniq_joseph, uniq_psyche
D:9:      layout_loops_ring, overflow_temple_1_default, kennysheep_mini,
          orc_0_dummy, uniq_gastronok
D:10:     layout_irregular_city, kennysheep_generic_room_7
D:11:     layout_rooms, lair_entry_dummy, serial_glass, glass_columns_a,
          glass_columns_a, statue_in_the_mist_lemuel
Temple:   eino_temple_rhombus
Lair:1:   layout_long_grid
Lair:2:   layout_regular_city, serial_bayou_ford_a, grunt_megastairs_4
Lair:3:   layout_chaotic_city, nicolae_swamp_entry_splash_gauntlet,
          lemuel_fruit_tree, serial_bayou_shore_b
Lair:4:   layout_regular_city, guppyfry_snake_entry_island,
          portal_ice_cave_demonic_guard, nicolae_quartered_pool_super,
          lookout_lair_type
Lair:5:   layout_hall_layers, slime_altar_2, infiniplex_staircase_pool,
          uniq_nessos
Lair:6:   hangedman_lair_caniforms_friends, layout_loops_ring, special_room
          [special_room_bee], minivault_11, serial_bayou_pond_a
Orc:1:    layout_diamond_mine, guppyfry_orc_lava_fort, uniq_maurice
IceCv:    ice_cave_caverns_02

Skill      XL: |  1  2  3  4  5  6  7  8  9 10 11 12 13 14 |
---------------+-------------------------------------------+-----
Axes           | 4 5 6 7 10 11 13 14 | 14.0
Fighting       | 4 6 8 9 10 | 10.0
Dodging        | 4 5 7 8 10 | 10.0
Evocations     | 3 5 6 8 10 | 10.1
Invocations    | 5 10 | 10.0
Armour         | 3 6 7 |  7.5
Throwing       | |  1.7

Action                   |  1- 3 |  4- 6 |  7- 9 | 10-12 | 13-15 || total
-------------------------+-------+-------+-------+-------+-------++-------
Melee: War axe           |    94 |   160 |   231 |   195 |   550 ||  1230
       Battleaxe         |       |       |       |   318 |       ||   318
       Constrict         |       |       |       |       |   102 ||   102
 Fire: Blowgun           |       |       |       |     1 |       ||     1
Throw: Throwing net      |       |       |     1 |     1 |       ||     2
 Abil: Spit Poison       |     7 |     4 |     8 |     7 |       ||    26
Evoke: Wand              |       |     1 |     8 |    16 |    30 ||    55
       Lamp of fire      |       |       |       |     1 |     3 ||     4
  Use: Scroll            |       |       |     9 |     9 |     4 ||    22
       Potion            |       |       |     1 |     1 |     3 ||     5
  Eat: Chunk             |     1 |     7 |    11 |    14 |    10 ||    43
       Ration            |       |       |     1 |     1 |     1 ||     3
Armor: Leather armour    |    33 |       |       |       |       ||    33
       Robe              |    15 |    69 |    54 |       |       ||   138
       Chain mail        |       |       |     5 |   259 |   307 ||   571
       Ring mail         |       |       |     5 |       |       ||     5
       Crystal plate arm |       |       |       |       |    24 ||    24
Dodge: Dodged            |    72 |   116 |   139 |   298 |   569 ||  1194

Table legend:
 A = Non-vault XP
 B = Vault XP
 C = Vault XP percentage of total XP
 D = Non-vault monster count
 E = Vault monster count
 F = Vault count percentage of total count
                 A         B        C        D         E       F
            +---------+---------+-------+---------+---------+-------
      Total |   46891 |   37962 |  44.7 |     342 |     170 |  33.2
            +---------+---------+-------+---------+---------+-------
        D:1 |      45 |       8 |  15.1 |      26 |       4 |  13.3
        D:2 |      65 |       0 |   0.0 |      16 |       0 |   0.0
        D:3 |     251 |      44 |  14.9 |      24 |       4 |  14.3
        D:4 |     194 |       0 |   0.0 |      11 |       0 |   0.0
        D:5 |     331 |      15 |   4.3 |      13 |       2 |  13.3
        D:6 |    1156 |    1367 |  54.2 |      24 |       5 |  17.2
        D:7 |    1803 |       0 |   0.0 |      27 |       0 |   0.0
        D:8 |    1509 |    1900 |  55.7 |      13 |       7 |  35.0
        D:9 |    1749 |    3028 |  63.4 |      15 |       4 |  21.1
       D:10 |     904 |     879 |  49.3 |      15 |       2 |  11.8
       D:11 |    1678 |       0 |   0.0 |      17 |       0 |   0.0
     Lair:1 |    3342 |       0 |   0.0 |      17 |       0 |   0.0
     Lair:2 |    4718 |     199 |   4.0 |      24 |       2 |   7.7
     Lair:3 |    3246 |    1052 |  24.5 |      10 |       6 |  37.5
     Lair:4 |    8276 |    1349 |  14.0 |      30 |       6 |  16.7
     Lair:5 |    2274 |    1353 |  37.3 |       7 |       1 |  12.5
     Lair:6 |   13167 |    9564 |  42.1 |      32 |      59 |  64.8
      Orc:1 |    2183 |    3141 |  59.0 |      21 |      12 |  36.4
      IceCv |       0 |   14063 | 100.0 |       0 |      56 | 100.0
            +---------+---------+-------+---------+---------+-------
